 Dungeon Crawl Stone Soup version 0.26-a0-574-gf2b0f13 (webtiles) character file.

Game seed: 9036776844464061265

13178 ClockworkOrrery the Warrior (level 12, -17/88 HPs)
             Began as a Gargoyle Fighter on Aug 22, 2020.
             Was a High Priest of the Shining One.
             Demolished by an orc warrior
             ... wielding a +0 halberd
              (18 damage)
             ... on level 11 of the Dungeon.
             The game lasted 00:19:59 (10205 turns).

ClockworkOrrery the Warrior (Gargoyle Fighter)     Turns: 10205, Time: 00:20:00

Health: -17/88     AC: 24    Str: 25    XL:     12   Next: 3%
Magic:  0/12       EV:  8    Int:  9    God:    the Shining One [*****.]
Gold:   788        SH:  9    Dex:  9    Spells: 11/11 levels left

rFire    . . .     SeeInvis .   E - +2 morningstar
rCold    . . .     Faith    .   c - +0 kite shield
rNeg     + + +     Spirit   +   b - +0 plate armour
rPois    ∞         Reflect  .   (helmet restricted)
rElec    +         Harm     .   (no cloak)
rCorr    .                      k - +0 pair of gloves
MR       +....                  g - +2 pair of boots
Stlth    ..........             u - amulet of guardian spirit
HPRegen  0.24/turn              x - +4 ring of evasion
MPRegen  0.13/turn              C - ring of protection from magic

@: glowing
A: antennae 2, negative energy resistance 1, electricity resistance, wild magic
1, unbreathing, petrification resistance, no potion heal 1, rot immunity, AC +8
a: Divine Shield, Cleansing Flame, Summon Divine Warrior, Renounce Religion


You were on level 11 of the Dungeon.
You worshipped the Shining One.
The Shining One was extremely pleased with you.
You visited 2 branches of the dungeon, and saw 12 of its levels.

You collected 788 gold pieces.

Inventory:

Hand Weapons
 E - a +2 morningstar (weapon)
Armour
 b - a +0 plate armour (worn)
 c - a +0 kite shield (worn)
 g - a +2 pair of boots (worn)
 k - a +0 pair of gloves (worn)
 p - a +0 helmet
Jewellery
 u - an amulet of guardian spirit (around neck)
 x - a +4 ring of evasion (left hand)
 C - a ring of protection from magic (right hand)
 H - an uncursed ring of protection from fire
Wands
 w - a wand of iceblast (15)
 y - a wand of flame (20)
 F - a wand of digging (5)
Scrolls
 e - 11 scrolls of identify
 f - 2 scrolls of blinking {unknown}
 h - 3 scrolls of enchant weapon {unknown}
 i - a scroll of fear {unknown}
 j - 3 scrolls of noise {unknown}
 l - 3 scrolls of magic mapping {unknown}
 m - 4 scrolls of enchant armour {unknown}
 n - 2 scrolls of remove curse {unknown}
 q - 2 scrolls of random uselessness {unknown}
 s - 3 scrolls of teleportation {unknown}
 A - a scroll of immolation {unknown}
 G - a scroll of fog {unknown}
 I - a scroll of torment {unknown}
Potions
 a - 2 potions of haste {unknown}
 d - 5 potions of might
 o - 2 potions of stabbing {unknown}
 r - a potion of curing {unknown}
 t - 2 potions of heal wounds {unknown}
 v - 4 potions of mutation
 z - a potion of ambrosia {unknown}
 B - a potion of flight {unknown}
 D - a potion of berserk rage {unknown}
 J - a potion of cancellation {unknown}
 K - a potion of magic {unknown}


   Skills:
 * Level 16.2 Fighting
 + Level 11.1 Maces & Flails
 - Level 3.2 Armour
 - Level 3.2 Shields


You had 11 spell levels left.
You didn't know any spells.
Your spell library contained the following spells:

 Spells                   Type           Power        Failure   Level
 Beastly Appendage        Tmut           #.....       100%        1
 Corona                   Hex            #......      100%        1
 Foxfire                  Conj/Fire      #...         100%        1
 Ensorcelled Hibernation  Hex/Ice        #.....       100%        2
 Wereblood                Tmut           #.......     100%        2
 Confusing Touch          Hex            #.......     100%        3
 Conjure Flame            Conj/Fire      #.......     100%        3
 Dazzling Flash           Conj/Hex       #.....       100%        3
 Gell's Gravitas          Tloc           #.........   100%        3
 Inner Flame              Hex/Fire       #.......     100%        3
 Spider Form              Tmut/Pois      #.........   100%        3
 Tukima's Dance           Hex            #.......     100%        3
 Ice Form                 Ice/Tmut       #.......     100%        4
 Petrify                  Tmut/Erth      #.......     100%        4
 Sticky Flame             Conj/Fire      #.......     100%        4
 Blade Hands              Tmut           #.........   100%        5
 Fireball                 Conj/Fire      #.........   100%        5
 Metabolic Englaciation   Hex/Ice        #.........   100%        5
 Yara's Violent Unravell  Hex/Tmut       #.........   100%        5


Dungeon Overview and Level Annotations

Branches:
Dungeon (11/15)            Temple (1/1) D:6
   Lair: D:8-11         Orc: D:9-12

Altars:
Ashenzari
Cheibriados
Dithmenos
Elyvilon
Fedhas
Gozag
Hepliaklqana
Kikubaaqudgha
Makhleb
Nemelex Xobeh
Okawaru
Qazlal
Ru
Sif Muna
Trog
Uskayaw
Vehumet
Wu Jian
Xom
Yredelemnul
Zin
The Shining One

Shops:
D:9 [

Annotations:
D:11 1 runed translucent door, Ytaxzucwenn's ghost, journeyman FoFi


Innate Abilities, Weirdness & Mutations

You are resistant to torment.
Your stone body is resilient. (AC +8)
You are immune to poison.
You resist negative energy. (rN+)
You are resistant to electric shocks. (rElec)
You can survive without breathing.
You are immune to petrification.
You are immune to rotting.
You have a pair of antennae on your head.
Your spells are a little harder to cast, but a little more powerful.
Potions are less effective at restoring your health.


Message History

The two-headed ogre is moderately wounded.
The two-headed ogre hits you but does no damage. x2
You block the orc warrior's attack.
You impale the two-headed ogre!!
The two-headed ogre is almost dead.
The two-headed ogre hits you with a +0 dire flail.
* * * LOW HITPOINT WARNING * * *
The two-headed ogre hits you with a +0 giant club.
* * * LOW HITPOINT WARNING * * *
You block the orc warrior's attack.
It was a potion of mutation.
You feel extremely strange.
You feel less in control of your magic. A pair of antennae grows on your head!
Your +0 helmet falls away!
Your system partially rejects the healing effects of potions.
The antennae on your head grow some more.
You block the two-headed ogre's attack.
The two-headed ogre hits you with a +0 giant club.
* * * LOW HITPOINT WARNING * * *
The orc warrior hits you from afar with a +0 halberd!!
You die...

#...#...........#
#...............#
########.#'#############
.........#........
.........#........
..###....+........
.##⌠##...#........
##...##..#........
#..!..##@#........
⌠.!♣..W+O####+####
#...!.##oo......
#...##.o.......
##⌠##..#....... .###...
...>... ....... .......
....... ....... ....$..
.......


You could see a two-headed ogre, an orc warrior (strong), Ytaxzucwenn's ghost
and 2 orcs.

Vanquished Creatures
  Josephine (D:9)
  A centaur warrior (D:11)
  A two-headed ogre (D:9)
  An orc knight (D:11)
  A necromancer (D:9)
  A manticore (D:11)
  A centaur zombie (D:10)
  An ugly thing (D:9)
  Maggie (D:8)
  A centaur skeleton (D:9)
  Prince Ribbit (D:5)
  A troll (D:9)
  4 flying skulls (D:9)
  A shadow (D:9)
  6 wraiths (D:9)
  A wyvern (D:10)
  7 yaks (D:10)
  Edmund (D:5)
  Duvessa (D:5)
  A water moccasin (D:5)
  2 ice beasts
  4 orc warriors
  3 sky beasts
  An eye of draining (D:11)
  A necrophage (D:6)
  6 phantoms
  3 ogres
  5 centaurs
  Blork the orc (D:5)
  A big kobold (D:10)
  5 bullfrogs
  A wyvern zombie (D:9)
  2 scorpions (D:10)
  A wyvern skeleton (D:9)
  A water moccasin skeleton (D:8)
  Dowan (D:5)
  11 wights
  2 bullfrog zombies
  7 bullfrog skeletons
  6 orc priests
  3 hounds
  2 jellies
  7 orc wizards
  A gnoll shaman (D:9)
  Jessica (D:3)
  4 iguanas
  Ijyb (D:3)
  10 worker ants
  3 hound zombies
  A howler monkey zombie (D:9)
  Robin (D:3)
  A worker ant zombie (D:5)
  10 gnolls
  12 adders
  2 howler monkey skeletons
  A shadow imp (D:9)
  4 white imps
  2 ufetubi
  2 oozes
  5 adder skeletons
  3 adder zombies (D:9)
  2 worms (D:3)
  7 leopard geckos
  32 orcs
  10 bats
  3 giant cockroaches
  14 goblins
  9 hobgoblins
  7 jackals
  13 kobolds
  3 quokkas
  A ball python (D:1)
  4 frilled lizards
  A giant cockroach zombie (D:5)
  2 leopard gecko skeletons
  2 quokka skeletons (D:9)
  10 rats
294 creatures vanquished.

Vanquished Creatures (others)
  22 plants (D:11)
22 creatures vanquished.

Grand Total: 316 creatures vanquished

Notes
Turn   | Place    | Note
-------+----------+-------------------------------------------
     0 | D:1      | ClockworkOrrery the Gargoyle Fighter began the quest for
                  | the Orb.
     0 | D:1      | Reached XP level 1. HP: 14/14 MP: 1/1
   284 | D:1      | Reached XP level 2. HP: 16/20 MP: 2/2
   428 | D:1      | Reached skill level 4 in Fighting
   521 | D:1      | Reached XP level 3. HP: 22/24 MP: 3/3
  1188 | D:2      | Reached XP level 4. HP: 30/30 MP: 4/4
  1204 | D:2      | Reached skill level 5 in Fighting
  1307 | D:2      | Reached XP level 5. HP: 33/35 MP: 5/5
  1564 | D:3      | Noticed Robin
  1610 | D:3      | Killed Robin
  1991 | D:3      | Noticed Jessica
  2009 | D:3      | Killed Jessica
  2009 | D:3      | Reached skill level 6 in Fighting
  2156 | D:3      | Noticed Ijyb
  2174 | D:3      | Killed Ijyb
  2174 | D:3      | Reached XP level 6. HP: 40/41 MP: 6/6
  2277 | D:3      | Found a shimmering blue altar of Sif Muna.
  2347 | D:4      | Found a stormy altar of Qazlal.
  2422 | D:4      | Noticed an orc warrior
  2477 | D:3      | Killed an orc warrior
  2771 | D:4      | Reached skill level 7 in Fighting
  3174 | D:4      | Reached XP level 7. HP: 48/48 MP: 7/7
  3329 | D:5      | Entered Level 5 of the Dungeon
  3329 | D:5      | Noticed Prince Ribbit
  3772 | D:5      | Killed Prince Ribbit
  3772 | D:5      | Reached skill level 8 in Fighting
  3772 | D:5      | Reached skill level 5 in Maces & Flails
  3864 | D:5      | Noticed Edmund
  3878 | D:5      | Killed Edmund
  3878 | D:5      | Reached XP level 8. HP: 52/56 MP: 8/8
  3924 | D:5      | Reached skill level 9 in Fighting
  4023 | D:5      | Noticed Dowan
  4039 | D:5      | Killed Dowan
  4149 | D:5      | Found a shimmering altar of Xom.
  4423 | D:5      | Reached skill level 10 in Fighting
  4427 | D:5      | Noticed Blork the orc
  4433 | D:5      | Killed Blork the orc
  4477 | D:5      | Noticed Duvessa
  4495 | D:5      | Killed Duvessa
  4711 | D:6      | Reached XP level 9. HP: 63/63 MP: 9/9
  5099 | D:6      | Found a staircase to the Ecumenical Temple.
  5219 | Temple   | Entered the Ecumenical Temple
  5244 | Temple   | Became a worshipper of the Shining One
  6096 | D:7      | Reached skill level 11 in Fighting
  6507 | D:7      | Reached * piety under the Shining One
  7083 | D:8      | Noticed Maggie
  7119 | D:8      | Killed Maggie
  7119 | D:8      | Reached skill level 12 in Fighting
  7340 | D:8      | Reached XP level 10. HP: 72/72 MP: 10/10
  7566 | D:8      | Reached ** piety under the Shining One
  7991 | D:9      | Found Amnimugi's Armour Shoppe.
  8079 | D:9      | Reached skill level 13 in Fighting
  8230 | D:9      | Noticed a necromancer
  8239 | D:9      | Killed a necromancer
  8241 | D:9      | Noticed Josephine
  8254 | D:9      | Reached *** piety under the Shining One
  8255 | D:9      | Killed Josephine
  8270 | D:9      | Reached skill level 14 in Fighting
  8301 | D:9      | Reached XP level 11. HP: 60/80 MP: 9/11
  8336 | D:9      | Reached **** piety under the Shining One
  8510 | D:9      | Reached skill level 10 in Maces & Flails
  8590 | D:9      | Noticed a two-headed ogre
  8599 | D:9      | Killed a two-headed ogre
  8628 | D:9      | Noticed a purple ugly thing
  8636 | D:9      | Killed a purple ugly thing
  8636 | D:9      | Reached skill level 15 in Fighting
  8831 | D:10     | Entered Level 10 of the Dungeon
  9239 | D:10     | Reached ***** piety under the Shining One
  9993 | D:11     | Noticed a manticore
 10006 | D:11     | Killed a manticore
 10129 | D:11     | Found a runed translucent door.
 10129 | D:11     | Noticed Ytaxzucwenn's ghost (journeyman FoFi)
 10162 | D:11     | Noticed a centaur warrior
 10171 | D:11     | Noticed an orc knight
 10182 | D:11     | Killed a centaur warrior
 10182 | D:11     | Reached skill level 16 in Fighting
 10186 | D:11     | Noticed a two-headed ogre
 10198 | D:11     | Killed an orc knight
 10198 | D:11     | Reached XP level 12. HP: 19/88 MP: 2/12
 10205 | D:11     | Gained mutation: Your spells are a little harder to cast,
                  | but a little more powerful. [potion of mutation]
 10205 | D:11     | Gained mutation: You have a pair of small antennae on your
                  | head. [potion of mutation]
 10205 | D:11     | Gained mutation: Potions are less effective at restoring
                  | your health. [potion of mutation]
 10205 | D:11     | Gained mutation: You have a pair of antennae on your head.
                  | [potion of mutation]
 10205 | D:11     | HP: 1/88 [two-headed ogre/+0 dire flail (4)]
 10205 | D:11     | Demolished by an orc warrior

Illustrated notes

Levels and vault maps discovered:
D:1:      dpeg_arrival_rooms_c, layout_basic
D:2:      layout_basic, minmay_pentomino_w2
D:3:      layout_rooms, minmay_misc_feat_nine_boxes, led_sif_pool, uniq_ijyb,
          uniq_jessica, uniq_robin
D:4:      layout_gridville, overflow_temple_1_default
D:5:      layout_loops_ring, xom_teletrap_fun, uniq_blork_the_orc,
          uniq_prince_ribbit1, uniq_duvessa, uniq_edmund
D:6:      layout_basic, minmay_temple_entry_statues_fountains
D:7:      layout_basic
D:8:      layout_cave_pools, uniq_maggie
D:9:      hangedman_screamer, layout_loops_ring, serial_shops, shop,
          hangedman_minor_gate_pass
D:10:     minmay_slanted_spiral_squares, layout_irregular_city, uniq_josephine
D:11:     layout_stronghold, david_lair_shrubbed, orc_david_3,
          hellmonk_ghost_happy_afterlife, minmay_misc_feat_roman
Temple:   minmay_crystal_snake_temple

Skill      XL: |  1  2  3  4  5  6  7  8  9 10 11 |
---------------+----------------------------------+-----
Fighting       | 4 5 6 7 8 10 12 14 16 | 16.2
Maces & Flails | 3 4 5 6 8 9 11 | 11.1
Armour         | |  3.2
Shields        | |  3.2

Action                   |  1- 3 |  4- 6 |  7- 9 | 10-12 || total
-------------------------+-------+-------+-------+-------++-------
Melee: Flail             |   149 |    27 |   131 |       ||   307
       Mace              |       |   207 |   236 |       ||   443
       Morningstar       |       |       |    11 |   465 ||   476
  Use: Scroll            |       |       |       |     1 ||     1
       Potion            |       |       |       |     1 ||     1
Armor: Scale mail        |    99 |   147 |       |       ||   246
       Plate armour      |       |    37 |   225 |   322 ||   584
       Chain mail        |       |    10 |       |       ||    10
Dodge: Dodged            |    53 |    89 |   124 |   174 ||   440
Block: Kite shield       |    88 |   147 |   157 |   234 ||   626

Table legend: (Time is in decaauts)
 A = Elapsed time spent in this place.
 B = Non-inter-level travel time spent in this place.
 C = Inter-level travel time spent in this place.
 D = Time resting spent in this place.
 E = Time spent auto-exploring this place.
 F = Levels seen in this place.
 G = Mean time per level.
                   A        B        C        D        E       F      G
               +--------+--------+--------+--------+--------+-----+--------+
         Total |  10469 |  10148 |    321 |   1532 |   6197 |  12 |  872.4 |
       Dungeon |  10271 |   9978 |    293 |   1532 |   6043 |  11 |  933.7 |
        Temple |    197 |    169 |     28 |      0 |    154 |   1 |  197.0 |
               +--------+--------+--------+--------+--------+-----+--------+

Top non-repeatable levels by time:
    D:10: 1169 daAuts
     D:9: 1111 daAuts
     D:4: 1109 daAuts
     D:7: 1109 daAuts
     D:6: 1071 daAuts
     D:3: 1063 daAuts
     D:5: 1030 daAuts
     D:1: 886 daAuts
     D:2: 755 daAuts
     D:8: 750 daAuts
    D:11: 213 daAuts
  Temple: 197 daAuts
